Map: Dusk Towers

Players

Und - Winner!

  • Race: Terran Terran
  • League: Platinum

LilDicky

  • Race: Terran Terran
  • League: Diamond

VOD

http://www.twitch.tv/tumescentpie

Description

Time

  • Played on: Nov. 27, 2015, 12:32 p.m.
  • Length: 14:57
Show
View Real Time Build Order
Export as new Build Order

Und Terran - Winner!

Build Orders: Reaper Expand, Bio Tank 

Get SALT Encoding   

  12  0:01  SCV  
  13  0:13  SCV  
  14  0:18  Supply Depot  
  14  0:25  SCV  
  15  0:40  SCV  
  16  0:43  Barracks  
  16  0:48  Refinery  
  16  0:52  SCV  
  17  1:04  SCV  
  18  1:16  SCV  
  19  1:30  Orbital Command  
  19  1:31  Reaper  
  20  1:41  Command Center  
  20  1:53  Supply Depot  
  20  1:56  SCV  
  21  2:10  SCV  
  21  2:13  Marine  
  23  2:18  Factory  
  23  2:22  Refinery  
  23  2:23  SCV  
  24  2:31  Marine  
  24  2:35  SCV  
  26  2:41  Barracks  
  26  2:47  SCV  
  27  2:59  SCV  
  27  3:00  Orbital Command  
  27  3:05  Factory Tech Lab  
  27  3:08  Starport  
  27  3:10  Engineering Bay  
  27  3:11  SCV  
  28  3:18  Barracks Reactor  
  28  3:23  SCV  
  28  3:25  SCV, Barracks  
  30  3:31  Barracks Tech Lab  
  30  3:35  SCV  
  30  3:37  SCV  
  32  3:47  SCV  
  33  3:49  SCV, Siege Tank  
  37  3:57  Marauder  
  37  3:59  SCV  
  37  4:01  SCV  
  37  4:02  Starport Reactor  
  41  4:07  Refinery  
  41  4:10  Missile Turret  
  41  4:11  SCV  
  41  4:13  SCV  
  41  4:15  Missile Turret  
  43  4:18  Marine  
  43  4:23  SCV  
  46  4:27  Supply Depot  
  46  4:33  Missile Turret  
  46  4:35  SCV, Barracks Tech Lab  
  46  4:36  Stimpack  
  46  4:48  SCV, Viking x2, Marine x3  
  54  5:03  Refinery  
  54  5:07  Supply Depot  
  54  5:09  Marine x2  
  54  5:10  SCV x2, Siege Tank  
  54  5:14  Marine  
  62  5:16  Combat Shields  
  62  5:27  SCV  
  62  5:28  Marine x2  
  62  5:30  SCV  
  62  5:33  Marine  
  57  5:52  SCV x2  
  57  5:55  Siege Tank  
  57  5:56  Missile Turret  
  62  5:59  Command Center  
  62  6:03  Supply Depot  
  62  6:06  SCV x2, Marine  
  62  6:11  Viking, Medivac  
  67  6:13  Marine  
  69  6:18  SCV  
  69  6:24  Marine  
  69  6:25  SCV  
  72  6:30  SCV, Marine  
  72  6:31  Marine x2  
  76  6:37  SCV  
  77  6:43  SCV  
  78  6:48  Medivac, Marine x2  
  78  6:51  SCV  
  78  6:52  Marine  
  76  6:55  SCV  
  69  7:24  SCV x2  
  69  7:25  Marine x2  
  69  7:26  Marauder x2  
  77  7:33  Supply Depot, Siege Tank  
  77  7:36  Supply Depot, SCV  
  80  7:42  Medivac x2  
  80  7:43  SCV, Marine x2  
  86  7:55  SCV x2, Marauder  
  89  8:00  Marine  
  89  8:01  Marine x2  
  89  8:05  Siege Tank  
  95  8:12  SCV x2, Medivac  
  97  8:15  Orbital Command  
  97  8:16  Marine  
  97  8:17  Missile Turret  
  97  8:18  Marine x2  
  97  8:19  Marine  
  100  8:22  Terran Infantry Weapons Level 1  
  100  8:24  SCV x2  
  102  8:36  SCV x2  
  102  8:37  Siege Tank  
  101  8:48  SCV x2  
  101  8:49  Marine x4  
  107  9:06  Marine x2  
  107  9:07  Marine  
  107  9:09  Siege Tank  
  112  9:12  Marine  
  113  9:22  Medivac x2  
  117  9:29  Barracks  
  117  9:30  Marine x4  
  121  9:32  Supply Depot  
  121  9:33  Supply Depot  
  121  9:34  Supply Depot x2  
  121  9:38  Barracks  
  121  9:40  Refinery  
  121  9:41  SCV, Siege Tank  
  121  9:42  Refinery  
  125  9:53  Armory, Marine x3  
  125  9:54  SCV x2, Medivac, Concussive Shells, Marine  
  133  10:01  SCV  
  133  10:06  SCV x2  
  136  10:07  Command Center  
  136  10:11  Marine x3  
  136  10:13  SCV, Siege Tank, Marine  
  144  10:17  Terran Infantry Armor Level 1  
  144  10:18  SCV  
  145  10:23  Sensor Tower  
  145  10:26  Marine x2  
  145  10:27  Medivac  
  149  10:29  Sensor Tower, Marine x2  
  149  10:30  SCV, Marauder  
  149  10:31  Marine  
  155  10:40  SCV  
  156  10:44  Marine  
  157  10:56  Supply Depot  
  157  10:57  Supply Depot  
  157  10:58  Supply Depot  
  157  11:02  Terran Vehicle Weapons Level 1  
  157  11:03  Marine x2  
  157  11:04  Medivac x2  
  165  11:07  Marine  
  165  11:08  Barracks Tech Lab  
  165  11:10  Barracks Reactor  
  164  11:18  Siege Tank, Marauder  
  169  11:21  Marine x2  
  169  11:22  Orbital Command  
  169  11:25  Marine  
  172  11:37  Command Center  
  172  11:39  Marine x3  
  175  11:43  Marine  
  166  11:50  Siege Tank  
  167  11:57  Marine x3  
  160  12:10  Terran Infantry Weapons Level 2, Marine x2  
  160  12:14  Marine  
  160  12:15  Marine  
  148  12:22  Siege Tank, Marine  
  125  12:23  Marine x2  
  125  12:28  Marine x2  
  118  12:31  Medivac  
  118  12:32  Marine x2  
  122  12:40  Marine x2  
  122  12:41  Marine  
  122  12:42  Orbital Command  
  125  12:45  Medivac  
  125  12:46  Marine x2  
  125  12:50  Marine x2  
  131  12:54  Siege Tank  
  131  12:58  Marine x3  
  134  13:00  SCV x3  
  134  13:01  Medivac  
  134  13:04  Marine x2  
  145  13:08  Planetary Fortress, Marine x2  
  145  13:12  SCV x2  
  148  13:15  Medivac  
  148  13:16  Marine x3  
  153  13:21  Marine x2  
  153  13:22  Refinery  
  153  13:26  Siege Tank, Marauder, Refinery, Marine  
  160  13:31  Medivac  
  160  13:34  Marauder, Marine x2  
  162  13:39  Marine x2  
  167  13:43  Marine  
  166  13:52  Marine x2  
  166  13:53  Marine  
  166  13:55  Marine, Medivac  
  171  13:57  Marine x2  
  171  13:59  Siege Tank  
  171  14:01  Marine, Medivac  
  180  14:10  Marine  
  180  14:11  Marauder x2  
  180  14:13  Marine  
  180  14:15  Marine x2  
  188  14:19  Marine  
  186  14:28  Marine  
  186  14:31  Marine  
  170  14:32  Marine x2  
  170  14:33  Marine x2  
  170  14:37  Marine  
Show
View Real Time Build Order
Export as new Build Order

LilDicky Terran 

Build Orders:  

Get SALT Encoding   

  12  0:02  SCV  
  14  0:14  SCV  
  14  0:22  Supply Depot  
  14  0:26  SCV  
  15  0:29  Refinery  
  15  0:44  SCV  
  15  0:45  Barracks  
  16  0:56  SCV  
  17  1:08  SCV  
  18  1:20  SCV  
  19  1:32  SCV, Marine  
  21  1:33  Supply Depot  
  21  1:47  Orbital Command  
  21  1:52  Marine  
  22  2:05  Factory  
  22  2:09  Refinery  
  22  2:14  Reaper  
  22  2:24  Command Center, SCV  
  23  2:36  SCV  
  23  2:53  Factory Tech Lab  
  23  2:58  Starport, Marine  
  23  3:00  SCV  
  25  3:12  SCV  
  26  3:14  Supply Depot  
  26  3:20  Marine  
  26  3:22  Widow Mine  
  26  3:24  SCV  
  31  3:48  SCV  
  31  3:51  Marine  
  31  4:00  Factory Reactor  
  31  4:01  Banshee, Cloaking Field  
  31  4:02  SCV  
  35  4:04  Orbital Command  
  35  4:10  Refinery, Marine  
  36  4:18  SCV  
  36  4:21  Command Center  
  37  4:28  Marine  
  37  4:30  SCV  
  39  4:34  SCV  
  42  4:38  Hellion  
  42  4:39  Hellion  
  42  4:42  SCV  
  45  4:46  SCV  
  45  4:49  Banshee  
  49  4:55  SCV  
  49  4:58  Marine  
  49  4:59  Supply Depot  
  51  5:05  Hellion  
  53  5:07  SCV  
  54  5:15  Supply Depot  
  54  5:20  SCV, Hellion  
  57  5:22  SCV  
  58  5:56  Banshee, Hellion x2  
  62  6:31  Hellion x2  
  64  6:45  Banshee  
  64  6:46  SCV  
  68  6:52  Hellion x2  
  68  6:53  Refinery  
  72  6:54  Factory  
  72  6:55  Factory x2, Orbital Command  
  66  7:20  Hellion x2  
  64  7:32  Banshee  
  64  7:33  Command Center  
  64  8:02  Hellion x3  
  64  8:03  Hellion x2  
  74  8:20  SCV  
  74  8:23  Hellion, Viking  
  74  8:24  Hellion, Factory Reactor  
  81  8:31  SCV x2  
  81  8:32  SCV  
  81  8:34  Factory Tech Lab  
  84  8:35  Factory Reactor  
  84  8:43  SCV  
  85  8:49  Armory  
  85  8:50  Armory  
  85  8:51  Engineering Bay  
  73  9:15  SCV x3  
  76  9:32  SCV x2  
  76  9:35  SCV x2, Starport  
  76  9:36  Starport  
  76  9:38  Hellion x3  
  86  9:41  Cyclone x2  
  86  9:44  SCV, Missile Turret  
  86  9:45  Missile Turret  
  93  9:47  Missile Turret  
  93  9:48  SCV, Missile Turret  
  93  9:52  Planetary Fortress  
  94  9:57  SCV x2  
  94  9:58  Refinery x2  
  96  10:00  SCV, Refinery  
  96  10:01  Hellion  
  96  10:02  Refinery  
  99  10:07  Supply Depot  
  99  10:09  Terran Vehicle Weapons Level 1  
  99  10:10  Terran Vehicle And Ship Armor Level 1  
  99  10:11  SCV  
  99  10:13  Supply Depot  
  100  10:19  Starport Tech Lab x2  
  100  10:22  Supply Depot  
  100  10:24  Supply Depot  
  100  10:25  Supply Depot  
  100  10:26  Supply Depot  
  100  10:28  Thor, Missile Turret  
  100  10:29  Viking  
  100  10:31  Missile Turret  
  100  10:32  Missile Turret  
  100  10:34  Thor  
  100  10:35  Hellion  
  116  10:37  Missile Turret  
  116  10:44  SCV, Missile Turret  
  116  10:46  Missile Turret  
  116  10:47  Hellion x2  
  116  10:48  Viking x2  
  125  10:50  Viking  
  125  10:54  Hellion  
  125  10:56  Hellion  
  131  11:02  SCV  
  132  11:09  SCV x2  
  134  11:13  Viking  
  134  11:18  Banshee, Viking  
  138  11:19  Banshee, Fusion Core  
  138  11:24  Armory  
  144  11:28  Missile Turret  
  144  11:34  SCV  
  145  11:45  Command Center  
  145  11:46  SCV  
  145  11:57  Command Center  
  145  11:58  Command Center  
  78  12:24  Banshee x2, Hellion x5  
  86  12:39  SCV  
  86  12:42  Hellion  
  86  12:43  Viking  
  91  12:44  Viking  
  91  12:45  Hellion  
  91  12:48  Terran Ship Weapons Level 1  
  95  12:53  SCV x3  
  98  13:05  SCV  
  99  13:07  Banshee  
  102  13:14  Orbital Command  
  100  13:37  Liberator x2  
  90  13:51  Thor x2  
  90  13:52  Hellion x4  
  90  13:55  Banshee x2  
  116  14:00  Refinery  
  116  14:01  Missile Turret  
  122  14:03  Refinery  
  122  14:05  SCV  
  123  14:13  Hellion x2  
  123  14:14  Hellion x2  
Tags
 
Add a new tag
Caveats
  • Supply blocks, unpowered buildings, or Contaminate may cause inaccurate times.
  • Supply counts are checked every 10 seconds.